 Dungeon Crawl Stone Soup version 0.23.2-33-g5129a83184 (webtiles) character file.

Game seed: 2707080699916644241

27 Folque the Chiller (level 2, -5/21 HPs)
             Began as a Demonspawn Ice Elementalist on June 29, 2019.
             Killed by nerve-wracking pain
             ... invoked by Jessica
              (14 damage)
             ... on level 2 of the Dungeon.
             The game lasted 00:02:07 (1047 turns).

Folque the Chiller (Demonspawn Ice Elementalist)    Turns: 1047, Time: 00:02:07

Health: -5/21      AC:  3    Str:  8    XL:     2   Next: 93%
Magic:  0/5        EV: 12    Int: 16    God:
Gold:   18         SH:  0    Dex: 13    Spells: 3/6 levels left

rFire    . . .     SeeInvis .   d - +0 dagger
rCold    . . .     Gourm    .   (no shield)
rNeg     . . .     Faith    .   a - +0 robe
rPois    .         Spirit   .   (helmet restricted)
rElec    .         Reflect  .   (no cloak)
rCorr    .         Harm     .   (no gloves)
MR       .....                  k - +0 pair of boots
Stlth    ++........             (no amulet)
HPRegen  0.07/turn              (no ring)
MPRegen  0.09/turn              (no ring)

@: no status effects
A: horns 1
a: no special abilities


You were on level 2 of the Dungeon.
You were hungry.

You visited 1 branch of the dungeon, and saw 2 of its levels.

You collected 18 gold pieces.

Inventory:

Hand Weapons
 d - a +0 dagger (weapon)
Armour
 a - a +0 robe (worn)
 k - a +0 pair of boots (worn)
Scrolls
 b - 6 scrolls of teleportation {unknown}
 e - a scroll of noise {unknown}
 h - a scroll of amnesia {unknown}
 j - a scroll of enchant weapon {unknown}
 l - 2 scrolls of remove curse {unknown}
Potions
 f - 3 potions of curing
 g - a potion of magic {unknown}
 m - a potion of heal wounds {unknown}
Comestibles
 c - a ration
 i - 2 chunks of flesh


   Skills:
 + Level 1.1 Fighting
 - Level 1.7 Dodging
 - Level 1.7 Stealth
 * Level 2.7 Spellcasting
 - Level 1.0 Conjurations
 + Level 3.0 Ice Magic


You had 3 spell levels left.
You knew the following spells:

 Your Spells              Type           Power        Failure   Level  Hunger
a - Freeze                Ice            ##..         5%          1    #......
b - Throw Frost           Conj/Ice       #.....       13%         2    ##.....

Your spell library contained the following spells:

 Spells                   Type           Power        Failure   Level  Hunger
 Ozocubu's Armour         Chrm/Ice       #.......     30%         3    ###....
 Throw Icicle             Conj/Ice       #.......     63%         4    #####..
 Summon Ice Beast         Ice/Summ       #.......     71%         4    #####..


Dungeon Overview and Level Annotations

Branches:
Dungeon (2/15)

Altars:

Annotations:
D:2 Jessica


Innate Abilities, Weirdness & Mutations

You have a pair of small horns on your head.


Message History

You barely miss the hobgoblin. Your headbutt misses the hobgoblin.
The hobgoblin is severely wounded.
The hobgoblin closely misses you.
Jessica mumbles some strange words.
Jessica seems to speed up.
Casting: Throw Frost (safe; 13% risk of failure)
Confirm with . or Enter, or press ? or * to list all spells.
Aiming: Freeze (safe; 5% risk of failure)
Press: ? - help, Shift-Dir - straight line, f - hobgoblin, p - Jessica
Aim: a hobgoblin, wielding a +0 club (severely wounded)
You freeze the hobgoblin.
You kill the hobgoblin!
Jessica casts a spell at you. Pain shoots through your body!
* * * LOW HITPOINT WARNING * * *
It was a potion of curing.
You feel better.
Jessica points at you and mumbles some strange words.
Pain shoots through your body!
Ouch! That really hurt!
You die...

##.#. ###..#.
.....#. ...# ..(....
...# .......
###...###
.....@.#####.......#
.......#@.....^....#
.....@.)...........#
.......)#..........#
...............##
.............).#
#.#.>..........## #
#.###.........#
...............# ..
.##.......).#


You could see Jessica.

Vanquished Creatures
  An ooze (D:1)
  A leopard gecko (D:1)
  A ball python (D:1)
  A giant cockroach (D:1)
  4 hobgoblins
  4 kobolds
  4 bats (D:1)
  2 goblins (D:1)
  3 rats (D:1)
21 creatures vanquished.

Notes
Turn   | Place    | Note
-------+----------+-------------------------------------------
     0 | D:1      | Folque the Demonspawn Ice Elementalist began the quest for
                  | the Orb.
     0 | D:1      | Reached XP level 1. HP: 13/13 MP: 3/3
   421 | D:1      | Gained mutation: You have a pair of small horns on your
                  | head. [demonic ancestry]
   421 | D:1      | Reached XP level 2. HP: 20/20 MP: 3/5
   483 | D:1      | Learned a level 2 spell: Throw Frost
   757 | D:1      | Reached skill level 1 in Fighting
  1022 | D:2      | Reached skill level 3 in Ice Magic
  1037 | D:2      | Noticed Jessica
  1045 | D:2      | HP: 1/21 [Jessica/nerve-wracking pain (8)]
  1047 | D:2      | Killed from afar by Jessica

Skill      XL: |  1  2 |
---------------+-------+-----
Fighting       | 1 |  1.1
Ice Magic      | 3 |  3.0
Dodging        | |  1.7
Stealth        | |  1.7
Spellcasting   | |  2.7
Conjurations   | |  1.0

Action                   || total
-------------------------++-------
Melee: Dagger            ||    52
       Headbutt          ||     6
 Cast: Freeze            ||    17
       Throw Frost       ||     3
  Use: Potion            ||     1
 Stab: Sleeping          ||     2
Armor: Robe              ||    16
Dodge: Dodged            ||    46
